Map: La comuna

Players

MrFercho - Winner!

  • Race: Terran Terran
  • Spawn Location: 6:00

tigro

  • Race: Terran Terran
  • League: Silver
  • Spawn Location: 0:00

VOD

Have the link to the VOD?

Description

Time

  • Played on: Aug. 9, 2019, 10:28 p.m.
  • Length: 37:01
Show
View Real Time Build Order
Export as new Build Order

MrFercho Terran - Winner!

Build Orders:  

Get SALT Encoding   

  12  0:11  SCV  
  13  0:22  Refinery  
  13  0:24  SCV  
  14  0:37  SCV  
  15  0:44  Supply Depot  
  15  1:06  SCV  
  16  1:35  SCV  
  17  1:47  SCV  
  17  2:01  Barracks  
  17  2:02  SCV  
  18  2:10  Refinery  
  18  2:14  SCV  
  19  2:24  Barracks  
  19  2:26  SCV  
  20  2:38  SCV  
  20  2:44  Engineering Bay  
  21  2:53  SCV  
  22  3:02  Reaper  
  23  3:11  Engineering Bay  
  23  3:13  Supply Depot  
  23  3:28  Terran Infantry Armor Level 1  
  23  3:32  Orbital Command  
  23  3:34  Marine, Reaper  
  23  3:37  Terran Infantry Weapons Level 1  
  25  3:52  Marine  
  25  3:53  Bunker  
  26  4:07  Barracks Tech Lab  
  26  4:11  Barracks Tech Lab  
  26  4:14  SCV  
  27  4:25  Bunker  
  27  4:26  SCV  
  28  4:38  SCV  
  29  4:50  SCV  
  29  5:13  Factory  
  29  5:16  Marauder  
  31  5:31  Supply Depot  
  31  5:32  Supply Depot  
  31  5:33  Supply Depot  
  31  5:53  Marauder  
  31  5:56  Factory  
  30  5:58  Supply Depot  
  30  6:02  Command Center, Refinery  
  30  6:03  Factory Tech Lab  
  30  6:10  SCV  
  31  6:22  SCV  
  31  6:23  Marauder, Marine  
  35  6:28  Refinery  
  35  6:33  Siege Tank  
  35  6:34  SCV  
  39  6:41  Marine  
  39  6:44  Marine  
  39  6:46  SCV  
  42  6:59  Marine  
  43  7:02  Marine, SCV  
  45  7:14  SCV  
  46  7:15  Factory Tech Lab  
  46  7:17  Marauder  
  46  7:18  Hellion  
  46  7:20  Marine  
  51  7:26  SCV  
  52  7:30  Combat Shield  
  52  7:31  Concussive Shells  
  52  7:37  Marine  
  52  7:38  Marine, SCV  
  52  7:40  Hellion  
  52  7:42  Starport  
  57  7:46  Orbital Command  
  57  7:50  SCV  
  58  8:19  Starport  
  58  8:25  Sensor Tower  
  58  8:37  Starport Tech Lab  
  58  8:38  Armory x2  
  58  8:42  Armory  
  58  8:43  Cyclone x2  
  64  9:00  Sensor Tower  
  41  10:04  Medivac  
  41  10:07  Starport Tech Lab  
  43  10:15  Fusion Core  
  43  10:18  Marauder, Marine  
  46  10:24  Ghost Academy  
  46  10:26  Thor, Siege Tank  
  55  10:34  Medivac  
  57  10:35  Marine  
  57  10:40  SCV  
  57  10:41  SCV  
  60  10:52  SCV  
  60  10:53  SCV  
  62  10:59  Hellion  
  62  11:02  Refinery  
  62  11:04  Command Center, Refinery  
  64  11:05  SCV x2  
  66  11:17  SCV x2  
  68  11:29  SCV x2  
  70  11:49  Thor  
  76  12:03  Supply Depot  
  76  12:08  Terran Ship Weapons Level 1, Terran Vehicle And Ship Armor Level 1, Terran Vehicle Weapons Level 1  
  76  12:13  Weapon Refit  
  76  12:20  Terran Infantry Weapons Level 2  
  76  12:21  Terran Infantry Armor Level 2  
  76  12:26  Supply Depot  
  76  12:28  Infernal Pre-Igniter  
  76  12:46  Stimpack  
  76  12:49  Supply Depot  
  49  15:08  Liberator x2  
  49  15:10  Orbital Command  
  49  15:20  Terran Vehicle And Ship Armor Level 2, Terran Vehicle Weapons Level 2  
  49  15:21  Terran Ship Weapons Level 2  
  55  15:48  SCV  
  56  15:54  Terran Infantry Armor Level 3, Terran Infantry Weapons Level 3  
  56  15:59  Mag-Field Accelerator, Drilling Claws  
  56  16:00  SCV  
  57  16:06  Advanced Ballistics  
  57  16:08  Battlecruiser  
  57  16:09  Battlecruiser  
  57  16:10  Rapid Reignition System  
  69  16:33  Barracks  
  69  17:06  Cloaking Field  
  69  17:12  Banshee  
  69  17:13  Banshee, Siege Tank x2  
  81  17:18  Smart Servos  
  81  17:21  Barracks  
  81  17:22  Marine x2  
  82  17:25  Hyperflight Rotors  
  83  17:40  Marine x2  
  85  17:45  Thor, Siege Tank  
  94  17:55  Banshee x2  
  94  17:58  Marine x2  
  102  18:09  Barracks  
  102  18:16  Marine x2  
  102  18:17  Thor  
  112  18:34  Marauder x2  
  80  22:57  Marauder x2  
  78  23:04  Terran Vehicle And Ship Armor Level 3, Terran Ship Weapons Level 3, Terran Vehicle Weapons Level 3  
  78  23:19  Marauder x2  
  82  23:28  Barracks Tech Lab x3  
  82  23:32  Banshee x2  
  82  23:33  Command Center  
  88  23:36  Refinery x2  
  88  23:40  Marauder, Marine  
  91  23:56  Command Center, Refinery  
  91  23:57  Marine  
  91  23:58  Refinery  
  91  24:01  Marine  
  93  24:09  Thor x2  
  105  24:14  Banshee  
  105  24:15  Viking, Marine  
  111  24:19  Marine  
  112  24:26  Supply Depot  
  112  24:29  Supply Depot  
  112  24:45  Viking  
  114  24:49  Supply Depot  
  114  24:52  Siege Tank x2  
  120  24:53  Supply Depot  
  120  24:57  Viking  
  120  24:58  Marine x4  
  120  24:59  Marauder  
  128  25:12  Supply Depot  
  128  25:13  Hi-Sec Auto Tracking, Neosteel Armor  
  128  25:15  Viking  
  128  25:16  Marauder x3, Supply Depot  
  128  25:17  Marauder  
  128  25:20  Marine  
  139  25:24  Siege Tank  
  139  25:25  Siege Tank  
  139  25:27  Viking  
  147  25:37  Marine x4  
  151  25:45  Viking  
  136  25:57  Hellion x2  
  137  26:18  Hellion x2  
  134  26:32  Missile Turret  
  134  26:36  Missile Turret  
  134  26:38  Missile Turret  
  134  26:39  Missile Turret  
  134  26:43  Missile Turret  
  134  26:45  Missile Turret  
  134  26:47  Missile Turret  
  134  26:51  Missile Turret  
  134  26:52  Missile Turret  
  134  26:55  Missile Turret  
  134  27:00  Missile Turret  
  134  27:03  Missile Turret  
  134  27:08  Personal Cloaking  
  134  27:27  Siege Tank x2  
  140  27:30  Ghost Academy  
  140  27:59  Siege Tank  
  140  28:00  Hellbat  
  140  28:01  Ghost Academy  
  145  28:11  Nuke  
  145  28:13  Ghost  
  145  28:14  Refinery  
  145  28:15  Refinery  
  145  28:18  Ghost  
  149  28:20  Ghost  
  149  28:21  Cyclone  
  154  28:31  Ghost Academy, Cyclone  
  151  28:53  Cyclone  
  154  29:04  Cyclone  
  157  29:25  Cyclone  
  160  29:36  Cyclone  
  159  30:42  Missile Turret  
  154  30:43  Missile Turret x2  
  154  30:44  Missile Turret x2  
  154  30:46  Missile Turret  
  153  30:52  Missile Turret  
  109  33:12  Viking x2  
  103  33:42  Viking x2  
  93  34:10  Barracks Tech Lab  
  93  34:12  Viking x2  
  88  34:42  Viking x2  
  92  35:12  Viking x2  
Show
View Real Time Build Order
Export as new Build Order

tigro Terran 

Build Orders:  

Get SALT Encoding   

  12  0:05  SCV  
  13  0:17  SCV  
  14  0:28  Supply Depot  
  14  0:29  SCV  
  15  0:40  Refinery  
  15  0:47  Refinery  
  15  0:49  SCV  
  16  1:01  SCV  
  17  1:13  SCV  
  17  1:15  Barracks  
  18  1:44  SCV  
  19  1:56  SCV  
  20  2:08  SCV  
  20  2:13  Marine  
  22  2:20  SCV  
  23  2:29  Barracks  
  23  2:40  Supply Depot  
  23  2:52  Engineering Bay  
  23  3:01  Marine  
  23  3:02  SCV  
  25  3:18  Factory  
  25  3:19  Barracks Tech Lab, Marine  
  26  3:37  Marine  
  26  3:39  Missile Turret  
  27  3:43  Orbital Command  
  27  3:55  Marine  
  28  4:06  Command Center  
  28  4:13  Missile Turret, Reaper  
  28  4:14  Factory Tech Lab  
  29  4:32  Armory  
  29  4:45  Reaper  
  30  5:10  Marauder  
  32  5:17  Marine  
  33  5:25  Missile Turret  
  33  5:31  Marauder  
  33  5:35  Reaper  
  36  5:39  Infernal Pre-Igniter  
  36  5:47  Missile Turret  
  36  5:49  Planetary Fortress  
  36  5:53  Marauder  
  38  6:14  Marauder  
  40  6:21  Barracks Tech Lab  
  40  6:25  Missile Turret  
  40  6:26  Terran Infantry Weapons Level 1  
  40  6:35  Marauder  
  42  6:44  Missile Turret  
  42  6:57  Mag-Field Accelerator, SCV  
  43  7:02  Siege Tank  
  46  7:09  SCV  
  46  7:11  Refinery  
  47  7:21  SCV  
  48  7:33  SCV  
  49  7:45  Refinery  
  49  7:46  SCV  
  50  7:55  Siege Tank  
  53  8:09  SCV  
  54  8:17  Supply Depot  
  54  8:20  Terran Infantry Armor Level 1  
  54  8:31  Terran Vehicle Weapons Level 1  
  54  8:37  Drilling Claws  
  54  8:39  SCV  
  55  8:42  Missile Turret  
  55  8:51  SCV  
  56  9:03  SCV  
  57  9:15  SCV  
  57  9:27  SCV  
  57  9:28  Marine  
  51  9:32  Marine  
  51  9:35  Siege Tank  
  52  9:45  Marine  
  52  9:49  Marine  
  54  9:52  Missile Turret  
  54  10:03  Marine  
  55  10:07  Marine  
  87  10:14  Neosteel Armor  
  56  10:17  Starport  
  56  10:21  Command Center, Marine  
  56  10:25  Marine  
  56  10:26  Terran Vehicle And Ship Armor Level 1  
  58  10:39  Marine  
  58  10:41  Thor  
  65  10:43  Marine  
  66  10:57  Marauder  
  66  11:01  Marauder  
  70  11:21  Starport Tech Lab  
  70  11:29  Supply Depot  
  70  11:33  Marauder x2  
  74  11:42  Planetary Fortress  
  74  11:46  Medivac  
  76  11:54  Marauder, Hi-Sec Auto Tracking  
  76  11:55  Missile Turret  
  76  12:00  Fusion Core  
  78  12:04  Hyperflight Rotors  
  78  12:10  Smart Servos  
  78  12:14  Combat Shield  
  78  12:20  Terran Ship Weapons Level 1  
  78  12:26  Concussive Shells  
  78  12:40  Medivac  
  80  12:51  Terran Infantry Weapons Level 2  
  80  13:05  Starport  
  80  13:10  Viking  
  83  13:12  SCV  
  83  13:25  SCV  
  84  13:37  SCV  
  84  13:38  Refinery  
  85  13:44  Refinery  
  85  13:49  SCV  
  85  13:54  Stimpack  
  86  14:01  SCV  
  87  14:04  Battlecruiser  
  87  14:05  Cloaking Field  
  87  14:09  Weapon Refit  
  93  14:12  Starport Tech Lab  
  93  14:13  Terran Vehicle Weapons Level 2  
  88  14:54  Marauder  
  90  15:06  Barracks Tech Lab, Terran Infantry Armor Level 2  
  90  15:15  Marauder  
  90  15:20  Supply Depot  
  92  15:23  Corvid Reactor  
  92  15:40  Factory  
  92  15:42  Marauder, Battlecruiser  
  100  16:37  Missile Turret  
  100  16:42  Rapid Reignition System  
  100  17:01  Missile Turret  
  100  17:20  Supply Depot  
  100  17:23  Marauder, Thor  
  108  17:30  Battlecruiser  
  104  18:06  Thor  
  102  18:34  Battlecruiser  
  102  18:37  SCV  
  109  18:43  Missile Turret  
  109  18:49  SCV  
  110  19:01  Missile Turret, SCV  
  111  19:04  Siege Tank  
  111  19:05  Missile Turret  
  114  19:13  SCV  
  115  19:18  Missile Turret  
  115  19:24  Missile Turret  
  115  19:25  SCV  
  116  19:36  Siege Tank  
  125  19:38  Battlecruiser  
  121  20:08  Siege Tank  
  117  20:18  Missile Turret  
  116  20:27  Missile Turret  
  115  20:37  Missile Turret  
  115  20:40  Siege Tank  
  118  21:24  Missile Turret  
  118  21:35  Missile Turret  
  117  22:03  Missile Turret  
  117  22:25  Supply Depot  
  114  23:22  Missile Turret  
  114  24:30  Missile Turret x2  
  114  24:51  Missile Turret  
  114  24:57  Missile Turret  
  114  25:01  Starport Tech Lab  
  114  25:04  Missile Turret, Starport Tech Lab  
  111  25:43  Missile Turret  
  107  26:41  Missile Turret  
  107  27:10  Supply Depot  
  107  27:40  Supply Depot  
  107  27:46  Medivac  
  109  28:02  Siege Tank  
  112  28:06  Missile Turret  
  112  28:33  Supply Depot  
  112  28:34  Siege Tank  
  115  28:55  Battlecruiser  
  121  28:56  Missile Turret  
  121  29:04  Medivac  
  123  29:19  Supply Depot  
  123  29:22  Marine  
  124  29:40  Marine  
  124  29:41  Viking, Siege Tank  
  130  29:58  Marine  
  131  30:01  Missile Turret  
  131  30:12  Command Center  
  131  30:15  Marine  
  131  30:20  Liberator  
  132  30:33  Marine  
  133  30:37  Thor  
  133  30:38  Battlecruiser  
  107  30:47  Marine  
  108  30:51  Marine  
  109  31:05  Marine  
  109  31:09  Marine  
  94  31:20  Banshee  
  63  32:22  Missile Turret  
  57  32:32  Missile Turret  
  57  32:42  Missile Turret  
  6  34:32  Engineering Bay  
  2  34:49  Refinery  
  2  35:18  Supply Depot  
Tags
 
League
Silver
Matchup
TvT
Race
Terran
Replay Pack
MrFercho
Add a new tag
Caveats
  • Supply blocks, unpowered buildings, or Contaminate may cause inaccurate times.
  • Supply counts are checked every 10 seconds.